Map: Nightshade LE

Players

SpeCial

  • Race: Terran Terran
  • League: Master
  • Spawn Location: 5:00

DPGCure (Cure) - Winner!

  • Race: Terran Terran
  • League: Master
  • Spawn Location: 11:00

VOD

Have the link to the VOD?

Description

Time

  • Played on: Jan. 14, 2020, 5:04 p.m.
  • Length: 4:56
Show
View Real Time Build Order
Export as new Build Order

SpeCial Terran 

Build Orders: Gas First Reaper Expand, Hellion Opening 

Get SALT Encoding   

  12  0:01  SCV  
  13  0:13  SCV  
  14  0:17  Supply Depot  
  14  0:25  SCV  
  14  0:28  Refinery  
  15  0:39  SCV  
  16  0:44  Barracks  
  16  0:51  SCV  
  17  1:03  SCV  
  18  1:15  SCV  
  19  1:32  Reaper, Orbital Command  
  20  1:46  Command Center  
  20  1:56  Factory  
  20  2:00  SCV  
  21  2:05  Barracks Reactor  
  21  2:12  SCV  
  22  2:16  Supply Depot  
  22  2:20  Refinery  
  22  2:24  SCV  
  23  2:38  SCV  
  23  2:44  Starport  
  24  2:48  Hellion x2  
  28  2:54  Barracks Tech Lab  
  27  2:58  SCV  
  27  3:10  Hellion x2  
  28  3:17  Marauder  
  27  3:21  SCV  
  27  3:29  Medivac  
  29  3:35  Hellion  
  31  3:42  Hellion  
  31  3:48  Marauder  
  35  3:54  Concussive Shells  
  35  4:02  Hellion  
  37  4:06  Orbital Command  
  37  4:12  Hellion  
  41  4:17  Marauder  
  41  4:21  SCV  
  42  4:33  SCV x2  
Show
View Real Time Build Order
Export as new Build Order

DPGCure Terran - Winner!

Build Orders:  

Get SALT Encoding   

  12  0:00  SCV  
  13  0:12  SCV  
  14  0:17  Supply Depot  
  14  0:24  SCV  
  14  0:27  Refinery  
  15  0:38  SCV  
  16  0:44  Barracks  
  16  0:50  SCV  
  16  0:55  Refinery  
  17  1:03  SCV  
  18  1:15  SCV  
  19  1:30  Orbital Command  
  19  1:32  Factory  
  19  1:33  Reaper  
  20  1:42  Supply Depot  
  20  1:56  SCV  
  21  2:05  Reaper  
  22  2:08  SCV  
  25  2:16  Hellion  
  25  2:21  SCV  
  26  2:27  Command Center  
  26  2:34  SCV  
  26  2:36  Supply Depot  
  27  2:40  Reaper  
  28  2:46  Hellion  
  28  2:47  SCV  
  30  2:59  SCV, Starport  
  31  3:11  SCV  
  32  3:17  Factory Tech Lab  
  32  3:19  Barracks Tech Lab  
  30  3:23  SCV  
  29  3:31  Supply Depot  
  29  3:35  SCV, Cyclone  
  29  3:40  Orbital Command  
  33  3:43  Banshee  
  33  3:47  SCV, Barracks Reactor  
  37  3:59  SCV  
  37  4:05  SCV  
  37  4:07  Siege Tank  
  41  4:12  SCV, Barracks  
  42  4:17  SCV  
  42  4:22  Marine x2  
  42  4:24  SCV  
  46  4:26  Viking  
  46  4:30  SCV  
  49  4:36  SCV  
  50  4:42  SCV  
Tags
 
Add a new tag
Caveats
  • Supply blocks, unpowered buildings, or Contaminate may cause inaccurate times.
  • Supply counts are checked every 10 seconds.